 Dungeon Sprint DCSS version 0.28-a0-861-ge64d6db94f (webtiles) character file.

Game seed: 15190620589110136809

1528 emperorscorpion the Slicer (level 9, -1/68 HPs)
             Began as a Djinni Warper on Nov 15, 2021.
             Was a Believer of Makhleb.
             Slain by a cyclops (shapeshifter) (31 damage)
             ... in the Dungeon (Sprint IX: "|||||||||||||||||||||||||||||").
             The game lasted 00:04:20 (813 turns).

emperorscorpion the Slicer (Djinni Warper)           Turns: 813, Time: 00:04:21

Health: -1/68      AC:  5    Str: 10    XL:     9   Next: 10%
Gold:   0          EV: 19    Int: 14    God:    Makhleb [**....] SH:  0 Dex: 20

rFire   + + .      SeeInvis .   a - +2 rapier (venom)
rCold   x . .      Faith    .   (no shield)
rNeg    . . .      Spirit   .   f - +0 leather armour
rPois   ∞          Reflect  .   l - +0 helmet
rElec   .          Harm     .   (no cloak)
rCorr   .          Rampage  .   (no gloves)
Will    .....      NoTele   +   (boots unavailable)
Stlth   +++.......              (no amulet)
HPRegen 0.21/turn               n - +2 ring of evasion
MPRegen 0.00/turn               o - +3 ring of dexterity

@: flying
A: sickness immunity, fire resistance 2, cold vulnerability 1, float, innate
caster, hp casting, extra vitality 1
a: Renounce Religion, Minor Destruction


You were in the Dungeon.
You worshipped Makhleb.
Makhleb was pleased with you.
You visited 1 branch

Inventory:

Hand Weapons
 a - a +2 rapier of venom (weapon)
 b - a +2 scimitar of flaming
 e - a +0 short sword
Missiles
 d - 5 boomerangs of dispersal (quivered)
Armour
 f - a +0 leather armour (worn)
 l - a +0 helmet (worn)
 m - a +1 scale mail of fire resistance
Jewellery
 n - a +2 ring of evasion (left hand)
 o - a +3 ring of dexterity (right hand)
Wands
 i - a wand of iceblast (9)
Scrolls
 c - 3 scrolls of blinking
Potions
 j - 3 potions of curing


   Skills:
 + Level 7.5 Fighting
 + Level 9.3 Short Blades
 + Level 1.0 Throwing
 + Level 5.7 Armour
 + Level 8.1 Dodging
 + Level 6.0 Stealth
 + Level 7.8 Spellcasting
 + Level 0.7 Evocations


You couldn't memorise any spells.
You knew the following spells:

 Your Spells              Type           Power      Damage    Failure   Level
a - Blink                 Tloc           54%        N/A       1%          2
b - Lesser Beckoning      Tloc           27%        N/A       1%          3
c - Gell's Gravitas       Tloc           27%        N/A       1%          3
d - Teleport Other        Tloc           27%        N/A       1%          3
e - Manifold Assault      Tloc           27%        N/A       19%         5
f - Pain                  Necr           100%       1d9       1%          1
g - Scorch                Fire           54%        2d8       1%          2
h - Static Discharge      Conj/Air       27%        N/A       1%          2
i - Summon Guardian Gole  Hex/Summ       27%        N/A       1%          3
Your spell library was empty.

Dungeon Overview and Level Annotations

Branches:
Dungeon (1/1)

Altars:
Cheibriados
Dithmenos
Elyvilon
Fedhas
Gozag
Hepliaklqana
Kikubaaqudgha
Makhleb
Nemelex Xobeh
Okawaru
Qazlal
Ru
Sif Muna
Trog
Uskayaw
Vehumet
Wu Jian
Xom
Yredelemnul
Zin
The Shining One
Beogh
Jiyva
Lugonu


Innate Abilities, Weirdness & Mutations

You are immune to sickness and miasma.
You are immune to poison.
Your flesh is very heat resistant. (rF++)
You are vulnerable to cold. (rC-)
You float through the air rather than walking.
You learn spells naturally, not from books.
Your magical power is your life essence.
You have superior vitality. (+4 HP)


Message History

You feel better.
Your Short Blades skill increases to level 9!
Your Dodging skill increases to level 8!
Your Stealth skill increases to level 6!
You have reached level 9!
Your experience leads to an increase in your attributes!
Your base attributes are Str 10, Int 14, Dex 16.
Increase (S)trength, (I)ntelligence, or (D)exterity?
You feel agile.
The power to cast Summon Guardian Golem wells up from within.
Spell assigned to 'i'.
There is an open door to the Temple here.
There is an open door, spattered with blood here.
A cyclops comes into view.
There is an open door, spattered with blood here.
There is an open door to the Temple here.
The cyclops shouts!
There is a roughly hewn altar of Beogh here.
Casting: Blink (safe; 1% risk of failure)
Confirm with . or Enter, or press ? or * to list all spells.
You can't see any susceptible monsters within range! (Use Z to cast anyway.)
Okay, then.
There is a snail-covered altar of Cheibriados, spattered with blood here.
You see here 3 large rocks.
The cyclops hits you!!
There is a shadowy altar of Dithmenos here.
You hit the cyclops.
The cyclops is poisoned.
The cyclops is lightly wounded.
You barely miss the cyclops.
The cyclops is lightly wounded.
The cyclops hits you!
You hit the cyclops.
The cyclops looks as sick as possible!
The cyclops is lightly wounded.
You hit the cyclops.
The cyclops looks as sick as possible!
The cyclops is moderately wounded.
The cyclops hits you!!
* * * LOW HITPOINT WARNING * * *
You feel better.
You feel better. The cyclops hits you!!
You die... ▓▓▓▓▓▓▓▓▓▓▓▓▓▓▓▓▓▓▓▓▓▓▓▓▓▓▓▓▓▓▓▓▓ .'.....'.....'__@C_______________ ▓▓▓▓▓▓▓▓▓▓▓▓▓▓▓▓▓▓▓▓▓▓▓▓▓▓▓▓▓▓▓▓▓

You could see a cyclops (extremely poisoned).

Vanquished Creatures
  A centaur warrior (D)
  A cyclops (D)
  A wyvern (D)
  2 orc warriors (D)
  A centaur (D)
  A phantom (D)
  A kobold brigand (D)
  A hound (D)
  An iguana (D)
  An adder zombie (D)
  A dart slug (D)
  A bat skeleton (D)
  A quokka (D)
  A ball python (D)
  A bat (D)
  A frilled lizard (D)
17 creatures vanquished.

Vanquished Creatures (others)
  A vampire mosquito (D)
1 creature vanquished.

Grand Total: 18 creatures vanquished

Notes
Turn   | Place    | Note
-------+----------+-------------------------------------------
     0 | D        | emperorscorpion the Djinni Warper began the quest for the
                  | Orb.
     0 | D        | Reached XP level 1. HP: 18/18 MP: 0/0
    20 | D        | Reached skill level 2 in Short Blades
    25 | D        | Reached XP level 2. HP: 18/24 MP: 0/0
   100 | D        | Noticed a phantom
   104 | D        | Reached XP level 3. HP: 30/30 MP: 0/0
   104 | D        | Learned a level 1 spell: Pain
   112 | D        | Reached skill level 3 in Short Blades
   112 | D        | Reached XP level 4. HP: 35/35 MP: 0/0
   120 | D        | Killed a phantom
   121 | D        | Reached skill level 4 in Short Blades
   121 | D        | Reached skill level 1 in Throwing
   121 | D        | Reached skill level 5 in Spellcasting
   121 | D        | Reached XP level 5. HP: 42/42 MP: 0/0
   121 | D        | Learned a level 2 spell: Scorch
   145 | D        | Found a snail-covered altar of Cheibriados.
   145 | D        | Found a shadowy altar of Dithmenos.
   145 | D        | Found a white marble altar of Elyvilon.
   145 | D        | Found a blossoming altar of Fedhas.
   145 | D        | Found an opulent altar of Gozag.
   146 | D        | Found a hazy altar of Hepliaklqana.
   147 | D        | Found a viscous altar of Jiyva.
   149 | D        | Found a corrupted altar of Lugonu.
   150 | D        | Found a burning altar of Makhleb.
   151 | D        | Found a sparkling altar of Nemelex Xobeh.
   152 | D        | Found an iron altar of Okawaru.
   153 | D        | Found a stormy altar of Qazlal.
   154 | D        | Found a sacrificial altar of Ru.
   156 | D        | Found a bloodstained altar of Trog.
   157 | D        | Found a hide-covered altar of Uskayaw.
   158 | D        | Became a worshipper of Makhleb the Destroyer
   160 | D        | Found an ornate altar of the Wu Jian Council.
   161 | D        | Found a shimmering altar of Xom.
   162 | D        | Found a basalt altar of Yredelemnul.
   163 | D        | Found a glowing silver altar of Zin.
   164 | D        | Found a glowing golden altar of the Shining One.
   302 | D        | Noticed a kobold brigand
   302 | D        | Noticed a vampire mosquito
   302 | D        | Noticed a centaur
   302 | D        | Noticed an orc warrior
   302 | D        | Noticed an orc warrior
   302 | D        | Noticed a wyvern
   307 | D        | Killed a vampire mosquito
   312 | D        | Killed a kobold brigand
   317 | D        | Killed a centaur
   318 | D        | Reached skill level 5 in Fighting
   318 | D        | Reached skill level 5 in Short Blades
   318 | D        | Reached skill level 5 in Dodging
   318 | D        | Reached skill level 1 in Stealth
   318 | D        | Reached XP level 6. HP: 25/49 MP: 0/0
   326 | D        | Killed an orc warrior
   326 | D        | Reached * piety under Makhleb
   327 | D        | Reached skill level 6 in Short Blades
   328 | D        | Killed an orc warrior
   329 | D        | Reached XP level 7. HP: 46/56 MP: 0/0
   329 | D        | Learned a level 2 spell: Static Discharge
   337 | D        | Killed a wyvern
   338 | D        | Reached skill level 7 in Short Blades
   463 | D        | Noticed a centaur warrior
   463 | D        | Noticed a cyclops
   463 | D        | Noticed a polar bear
   463 | D        | Noticed an efreet
   463 | D        | Noticed a wraith
   463 | D        | Noticed a deep elf pyromancer
   469 | D        | Noticed a fire elemental
   483 | D        | Killed a centaur warrior
   483 | D        | Reached ** piety under Makhleb
   484 | D        | Reached skill level 8 in Short Blades
   484 | D        | Reached skill level 5 in Armour
   484 | D        | Reached skill level 5 in Stealth
   484 | D        | Reached XP level 8. HP: 37/64 MP: 0/0
   783 | D        | Killed a cyclops
   784 | D        | Reached skill level 9 in Short Blades
   784 | D        | Reached XP level 9. HP: 66/68 MP: 0/0
   784 | D        | Learned a level 3 spell: Summon Guardian Golem
   798 | D        | Noticed a cyclops
   813 | D        | Slain by a cyclops (shapeshifter)

Illustrated notes

Levels and vault maps discovered:
D:        linesprint [early_d, line_temple, items_1, d_10, items_2, lair_1,
          lair_end, items_3, orc_1, orc_end, items_4, d_15, swamp_1, shoals_1,
          snake_1, spider_1, d_20, vaults_1, items_5, swamp_end, shoals_end,
          snake_end, spider_end, vaults_end, d_27, items_6, zot_1, zot_end,
          crypt_end, forest_end, elf_end, slime_end, tomb_end, abyss_end,
          pan_hell_end]

Skill      XL: |  1  2  3  4  5  6  7  8 |
---------------+-------------------------+-----
Spellcasting   | 3 4 5 6 7 |  7.8
Short Blades   | 2 3 4 5 6 8 9 |  9.3
Fighting       | 3 4 5 6 7 |  7.5
Dodging        | 3 4 5 6 7 8 |  8.1
Throwing       | 1 |  1.0
Armour         | 2 3 5 |  5.7
Stealth        | 1 2 5 6 |  6.0
Evocations     | |  0.7

Action                   |  1- 3 |  4- 6 |  7- 9 || total
-------------------------+-------+-------+-------++-------
Melee: Short sword       |    31 |    27 |       ||    58
       Rapier            |       |    23 |    37 ||    60
 Cast: Blink             |       |       |     4 ||     4
       Manifold Assault  |       |       |     1 ||     1
Evoke: Wand              |       |       |     1 ||     1
  Use: Potion            |     1 |     2 |     5 ||     8
 Stab: Invisible         |       |     6 |     1 ||     7
       Distracted        |       |       |     1 ||     1
Armor: Leather armour    |     5 |     9 |    10 ||    24
Dodge: Dodged            |    11 |    40 |    22 ||    73

Table legend: (Time is in decaauts)
 A = Elapsed time spent in this place.
 B = Non-inter-level travel time spent in this place.
 C = Inter-level travel time spent in this place.
 D = Time resting spent in this place.
 E = Time spent auto-exploring this place.
 F = Levels seen in this place.
 G = Mean time per level.
                   A        B        C        D        E       F      G
               +--------+--------+--------+--------+--------+-----+--------+
         Total |    788 |    788 |      0 |    516 |     15 |   1 |  788.0 |
       Dungeon |    788 |    788 |      0 |    516 |     15 |   1 |  788.0 |
               +--------+--------+--------+--------+--------+-----+--------+

Top non-repeatable levels by time:
       D: 788 daAuts
